Unix NetHack Version 5.0.0-0 post-release - last build May 23 2026 06:08:33 (1c0ff79ee797540d5714e4e18072db0edd9e58ae,branch:main).

Game began 2026-05-27 03:47:04, ended 2026-05-27 17:52:45.

ArrBianca, neutral male gnomish Caveman

                                                                ---
                                                               --.--
                                                              |....--
                                                             --.....--   ----
                                                             .... ...-- --..--
                                                            ....   ....--)...|
                                                           ...%.    ...0)....|
                                                      ..- ...---   ....u.r...-
                                                     ........|    -..*...@...^
                                                    ........-     |....<...h0
                                                   ..*......      |.....^...-
                                              .........           |.....--.--
                                             ..%%.....            ----------
                                            .*)*)....
                                            .0)*.%[...
                                            -...[....-
                                            ------.---

ArrBianca the Aborigine  St:18 Dx:12 Co:18 In:8 Wi:10 Ch:8  Neutral
Dlvl:8  $:3  HP:0(56) Pw:18(18) AC:4  Xp:5 T:2606  Lev

Latest messages:
 Are you waiting to get hit?  Use 'm' prefix to force a no-op (to rest).
 Are you waiting to get hit?  Use 'm' prefix to force a no-op (to rest).
 Are you waiting to get hit?  Use 'm' prefix to force a no-op (to rest).
 Are you waiting to get hit?  Use 'm' prefix to force a no-op (to rest).
 Are you waiting to get hit?  Use 'm' prefix to force a no-op (to rest).
 Are you waiting to get hit?  Use 'm' prefix to force a no-op (to rest).
 You miss the rock mole.
 You miss the rock mole.
 The rock mole bites!
 You miss the rock mole.
 You miss the rock mole.
 You miss the rock mole.
 The rock mole bites!
 You miss the rock mole.
 The rock mole bites!
 You miss the rock mole.
 The rock mole bites!
 What do you want to throw? [$bqBI or ?*]
 In what direction?
 You float in the opposite direction.
 Ouch!
 The runed dagger hits the rock mole!
 You don't have enough leverage to push the boulder.
 Pick a monster, object or location.
 Really float onto that sleeping gas trap? [yn] (n)
 The brown pudding bites!
 Your leather armor rots!
 You hit the brown pudding.
 The brown pudding bites!
 Your leather armor rots further!
 You hit the brown pudding!
 You hit the brown pudding!
 You miss the brown pudding.
 The brown pudding bites!
 Your leather armor rots completely!
 You hit the brown pudding!
 The brown pudding turns to flee.
 The white unicorn butts!
 The white unicorn kicks!
 You hit the brown pudding.
 The rock mole bites!
 The rock mole bites!
 You hit the rock mole.
 The rock mole bites!
 You die...
 Do you want your possessions identified? [ynq] (y)
 Do you want to see your attributes? [ynq] (y)
 Do you want an account of creatures vanquished? [ynaq] (y)
 Do you want to see your conduct and achievements? [ynq] (y)
 Do you want to see the dungeon overview? [ynq] (y)

Inventory:
 Coins    ('$')
  $ - 3 gold pieces
 Weapons  (')')
  q - a blessed +0 crossbow bolt
  b - a +2 sling
  B - 7 +0 darts
  a - a burnt +1 club (weapon in right hand)
 Armor    ('[')
  e - an uncursed thoroughly rotted +0 leather armor (being worn)
 Scrolls  ('?')
  g - a cursed scroll of amnesia
  H - an uncursed scroll of create monster
  l - an uncursed scroll of enchant weapon
 Potions  ('!')
  J - an uncursed potion of water
 Rings    ('=')
  i - an uncursed +6 ring of protection (on left hand)
 Wands    ('/')
  f - a blessed wand of speed monster (0:4)
 Tools    ('(')
  w - an uncursed sack containing 1 item
  o - an uncursed bell
  G - an uncursed credit card
  D - an uncursed tin whistle
 Gems/Stones  ('*')
  u - an uncursed diamond
  z - an uncursed opal
  v - a cursed sapphire
  E - an uncursed worthless piece of white glass
  x - an uncursed worthless piece of yellow glass
  s - 2 uncursed worthless pieces of yellowish brown glass
  c - 3 uncursed flint stones (in quiver pouch)
  F - an uncursed luckstone
  d - 25 uncursed rocks

Contents of the sack:
  116 gold pieces

ArrBianca the Caveman's attributes:

Background:
 You were an Aborigine, a level 5 gnomish Caveman.
 You were neutral, on a mission for Ishtar
 who was opposed by Anu (lawful) and Anshar (chaotic).
 You were right-handed.
 You were in the Gnomish Mines, on level 8.
 You entered the dungeon 2606 turns ago.
 You had 312 experience points, 8 more were needed to attain level 6.

Basics:
 You had 0 out of 56 hit points.
 You had all 18 energy points (spell power).
 Your armor class was 4.
 Your wallet contained 3 zorkmids, and
 you had 116 more stashed away in your pack.
 Autopickup was on for '$?!/="+%' plus thrown, with exceptions.

Final Characteristics:
 Your strength was 18 (peak:18/02, limit:18/50).
 Your dexterity was 12 (limit:18).
 Your constitution was 18 (limit:18).
 Your intelligence was 8 (limit:19).
 Your wisdom was 10 (limit:18).
 Your charisma was 8 (limit:18).

Final Status:
 You were levitating, at will.
 You weren't hungry.
 You were unencumbered.
 You were wielding a club.
 You had basic skill with club.

Final Attributes:
 You were piously aligned.
 You had infravision.
 You had a moderate defense bonus (+6).
 You were guarded.
 You were lucky.
 You had extra luck.
 Bad luck did not time out for you.
 Good luck did not time out for you.
 You are dead.

Miscellaneous:
 You didn't encounter any bones levels.
 Total elapsed playing time was 27 minutes and 35 seconds.

Major events:
 Turn
    1: ArrBianca the neutral gnomish Caveman entered the dungeon
  561: attained the rank of Aborigine (level 3)
  616: entered the Gnomish Mines
 1441: reached Mine Town
 2606: killed by a rock mole

You didn't know any spells.

Skills:
 Fighting Skills
   bare handed combat [Basic]
 Weapon Skills
   dagger             [Unskilled]
   knife              [Unskilled]
   axe                [Unskilled]
   pick-axe           [Unskilled]
   club               [Basic]
   mace               [Unskilled]
   morning star       [Unskilled]
   flail              [Unskilled]
   hammer             [Unskilled]
   quarterstaff       [Unskilled]
   polearms           [Unskilled]
   spear              [Unskilled]
   trident            [Unskilled]
   bow                [Unskilled]
   sling              [Basic]
   boomerang          [Unskilled]
   unicorn horn       [Unskilled]
 Spellcasting Skills
   attack spells      [Unskilled]
   matter spells      [Unskilled]

Voluntary challenges:
 Character rerolling was not enabled.
 You never genocided any monsters.
 You never polymorphed an object.
 You never changed form.
 You used no wishes.
Achievements:
 You attained the rank of Aborigine.
 You entered the Gnomish Mines.
 You entered Minetown.
 You entered a shop.
 You entered a temple.

 The Dungeons of Doom: levels 1 to 2
    Level 1:
       A fountain.
    Level 2:
       A grave.
       Stairs down to The Gnomish Mines.
 The Gnomish Mines: levels 3 to 8
    Level 3:
    Level 4:
    Level 5:
       Many shops, a temple and an altar, some fountains, some trees.
    Level 6:
    Level 8: <- You were here.
       Final resting place for
          you, killed by a rock mole.


Vanquished creatures:
  a small mimic
  a lizard
  a plains centaur
 an imp
 an Uruk-hai
 an orc shaman
  a pony
  a shrieker
  a gray ooze
  a floating eye
  a kitten
  2 homunculi
  a kobold leader
  2 rothes
  a giant bat
  4 dwarf zombies
  2 iguanas
 an acid blob
  5 coyotes
  a gas spore
  2 hobbits
  a manes
  2 brown molds
  a yellow mold
  a red mold
  5 gnomes
  a gnome zombie
  4 geckos
  2 jackals
  a fox
  3 kobolds
  a goblin
  a grid bug
  4 lichens
  a kobold zombie
 11 newts
71 creatures vanquished.

No species were genocided or became extinct.

Game over:
                       ----------
                      /          \
                     /    REST    \
                    /      IN      \
                   /     PEACE      \
                  /                  \
                  |    ArrBianca     |
                  |      119 Au      |
                  | killed by a rock |
                  |       mole       |
                  |                  |
                  |                  |
                  |       2026       |
                 *|     *  *  *      | *
        _________)/\\_//(\/(/\)/\//\/|_)_______

Goodbye ArrBianca the Caveman...

You died in The Gnomish Mines on dungeon level 8 with 1776 points,
and 119 pieces of gold, after 2606 moves.
You were level 5 with a maximum of 56 hit points when you died.

